| TOP OF THE 1ST |
|
Billings Mustangs batting - Pitching for Missoula Osprey : RHP John Meyer
|
|
Pitching: RHP John Meyer
|
|
|
Batting: RHB Jake Savell
|
0-0: Ball 1-0: Called Strike 1-1: Ground out 5-3 (Groundball, 56, EV 108.1 MPH)
|
|
Batting: LHB Matt Kennedy
|
0-0: Ball 1-0: Ball 2-0: SINGLE (Line Drive, 6D, EV 101.9 MPH)
|
|
Batting: LHB Brian Dickeson
|
0-0: 2-RUN HOME RUN (Flyball, 9LD, EV 90.6 MPH), Distance : 334 ft
|
|
Batting: RHB Sang-ton Pak
|
0-0: Ball 1-0: Ball 2-0: Ball 3-0: Base on Balls
|
|
Batting: LHB Jeremy Robertson
|
0-0: Called Strike 0-1: Called Strike Sang-ton Pak is caught stealing 2nd base 2-6 0-2: Ball 1-2: Foul Ball, location: 2F 1-2: Strikes out swinging, 2-3 out at first.
|
| Top of the 1st over - 2 runs, 2 hits, 0 errors, 0 left on base; Billings 2 - Missoula 0 |
| BOTTOM OF THE 1ST |
|
Missoula Osprey batting - Pitching for Billings Mustangs : LHP Jason St. Clair
|
|
Pitching: LHP Jason St. Clair
|
|
|
Batting: RHB Hyeok Shon
|
0-0: Foul Ball, location: 2F 0-1: Ball 1-1: Called Strike 1-2: Ball 2-2: Strikes out swinging
|
|
Batting: RHB Orlando Florez
|
0-0: Ball 1-0: Ball 2-0: Ball 3-0: Called Strike 3-1: Base on Balls
|
|
Batting: SHB Ed Vargas
|
0-0: Ball 1-0: Ball 2-0: Called Strike 2-1: Foul Ball, location: 2F 2-2: Ball 3-2: Fly out, F9 (Flyball, 9S, EV 81.2 MPH)
|
|
Batting: RHB D.J. Cooke
|
0-0: Called Strike Orlando Florez steals 2nd base 0-1: Ball 1-1: Foul Ball, location: 2F 1-2: Foul Ball, location: 2F 1-2: Foul Ball, location: 2F 1-2: Ball 2-2: Strikes out looking
|
| Bottom of the 1st over - 0 runs, 0 hits, 0 errors, 1 left on base; Billings 2 - Missoula 0 |
| TOP OF THE 2ND |
|
Billings Mustangs batting - Pitching for Missoula Osprey : RHP John Meyer
|
|
Batting: SHB David Garnica
|
0-0: SINGLE (Line Drive, 4D, EV 103.1 MPH)
|
|
Batting: RHB Yutaka Sato
|
0-0: Ball 1-0: Ball David Garnica is caught stealing 2nd base 2-4 2-0: Called Strike 2-1: SINGLE (Line Drive, 5D, EV 109.4 MPH)
|
|
Batting: SHB Gustavo Froio
|
0-0: Called Strike 0-1: Swinging Strike 0-2: Ball 1-2: Foul Ball, location: 2F 1-2: Foul Ball, location: 2F 1-2: Foul Ball, location: 2F 1-2: Fly out, F7 (Line Drive, 7, EV 111.9 MPH)
|
|
Batting: RHB Mario Gomez
|
0-0: Ball Yutaka Sato steals 2nd base 1-0: Foul Ball, location: 2F 1-1: SINGLE (Groundball, 56D, EV 98.1 MPH) Yutaka Sato to third Runner from 3rd tries for Home, SAFE, throw by LF to home
|
|
Batting: RHB Jake Savell
|
0-0: Ball Mario Gomez is caught stealing 2nd base 2-4
|
| Top of the 2nd over - 1 run, 3 hits, 0 errors, 0 left on base; Billings 3 - Missoula 0 |
| BOTTOM OF THE 2ND |
|
Missoula Osprey batting - Pitching for Billings Mustangs : LHP Jason St. Clair
|
|
Batting: LHB Dallas Kelly
|
0-0: Called Strike 0-1: Foul Ball, location: 2F 0-2: Ball 1-2: Foul Ball, location: 2F 1-2: Ball 2-2: Ball 3-2: Ground out 4-3 (Groundball, 4, EV 91.2 MPH)
|
|
Batting: RHB Daniel Rivera
|
0-0: Ball 1-0: Called Strike 1-1: Swinging Strike 1-2: Strikes out swinging
|
|
Batting: SHB Ethan Newby
|
0-0: Called Strike 0-1: Foul Ball, location: 2F 0-2: Ball 1-2: Ball 2-2: Ground out 4-3 (Groundball, 4, EV 98.1 MPH)
|
| Bottom of the 2nd over - 0 runs, 0 hits, 0 errors, 0 left on base; Billings 3 - Missoula 0 |
| TOP OF THE 3RD |
|
Billings Mustangs batting - Pitching for Missoula Osprey : RHP John Meyer
|
|
Batting: RHB Jake Savell
|
0-0: Ground out 5-3 (Groundball, 56, EV 81.9 MPH)
|
|
Batting: LHB Matt Kennedy
|
0-0: Called Strike 0-1: SOLO HOME RUN (Flyball, 9LD, EV 92.5 MPH), Distance : 337 ft
|
|
Batting: LHB Brian Dickeson
|
0-0: Ball 1-0: Swinging Strike 1-1: Ball 2-1: Swinging Strike 2-2: Ball 3-2: Foul Ball, location: 2F 3-2: Fly out, F3 (Popup, 23F, EV 91.2 MPH)
|
|
Batting: RHB Sang-ton Pak
|
0-0: Called Strike 0-1: SINGLE (Line Drive, 34, EV 100.6 MPH)
|
|
Batting: LHB Jeremy Robertson
|
0-0: Called Strike 0-1: Ball Sang-ton Pak is caught stealing 2nd base 2-6
|
| Top of the 3rd over - 1 run, 2 hits, 0 errors, 0 left on base; Billings 4 - Missoula 0 |
| BOTTOM OF THE 3RD |
|
Missoula Osprey batting - Pitching for Billings Mustangs : LHP Jason St. Clair
|
|
Batting: LHB Josh Thomas
|
0-0: Ball 1-0: DOUBLE (Line Drive, 9LM, EV 100.0 MPH)
|
|
Batting: RHB Matt Bailey
|
0-0: Called Strike 0-1: SINGLE (Groundball, 34D, EV 105.0 MPH) Josh Thomas to third
|
|
Batting: RHB Hyeok Shon
|
0-0: Called Strike Pickoff Throw to First - Out! 1-3 0-1: Foul Ball, location: 2F 0-2: Foul Ball, location: 2F 0-2: Ball 1-2: Fly out, F8 (Flyball, 8LD, EV 98.1 MPH) Runner from 3rd tags up, SCORES, throw by CF
|
|
Batting: RHB Orlando Florez
|
0-0: Ball 1-0: Foul Ball, location: 2F 1-1: Ball 2-1: Called Strike 2-2: Foul Ball, location: 2F 2-2: Strikes out swinging
|
| Bottom of the 3rd over - 1 run, 2 hits, 0 errors, 0 left on base; Billings 4 - Missoula 1 |
| TOP OF THE 4TH |
|
Billings Mustangs batting - Pitching for Missoula Osprey : RHP John Meyer
|
|
Batting: LHB Jeremy Robertson
|
0-0: Ball 1-0: Ball 2-0: Ball 3-0: Called Strike 3-1: Base on Balls
|
|
Batting: SHB David Garnica
|
0-0: Called Strike 0-1: Called Strike 0-2: Foul Ball, location: 2F 0-2: Ball 1-2: Foul Ball, location: 2F 1-2: Ball 2-2: 2-RUN HOME RUN (Flyball, 78XD, EV 97.5 MPH), Distance : 400 ft
|
|
Pitching: LHP Ian Tamburrino
|
|
|
Batting: RHB Yutaka Sato
|
0-0: Foul Ball, location: 2F 0-1: Ball 1-1: Fly out, F8 (Flyball, 8RXD, EV 104.4 MPH)
|
|
Batting: SHB Gustavo Froio
|
0-0: Reached on error, E6 (Groundball, 6, EV 81.9 MPH)
|
|
Batting: RHB Mario Gomez
|
0-0: Ball 1-0: Foul Ball, location: 2F 1-1: Called Strike 1-2: Ball 2-2: Foul Ball, location: 2F 2-2: Strikes out swinging Gustavo Froio is caught stealing 2nd base 2-4 Batter strikes out.
|
| Top of the 4th over - 2 runs, 1 hit, 1 error, 0 left on base; Billings 6 - Missoula 1 |
| BOTTOM OF THE 4TH |
|
Missoula Osprey batting - Pitching for Billings Mustangs : LHP Jason St. Clair
|
|
Batting: SHB Ed Vargas
|
0-0: Ball 1-0: Swinging Strike 1-1: Ball 2-1: Ball 3-1: Called Strike 3-2: Foul Ball, location: 2F 3-2: Base on Balls
|
|
Pitching: LHP Armando Arellano
|
|
|
Batting: RHB D.J. Cooke
|
0-0: Called Strike 0-1: Ball 1-1: Ball 2-1: Foul Ball, location: 2F 2-2: Ball 3-2: Foul Ball, location: 2F 3-2: Foul Ball, location: 2F 3-2: Base on Balls Ed Vargas to second
|
|
Batting: LHB Dallas Kelly
|
0-0: Ball 1-0: Foul Ball, location: 2F 1-1: Swinging Strike Balk! Ed Vargas to third D.J. Cooke to second 1-2: Foul Ball, location: 2F 1-2: Ball 2-2: Ball Passed Ball! Ed Vargas scores D.J. Cooke to third 3-2: Base on Balls
|
|
Batting: RHB Daniel Rivera
|
0-0: Ball 1-0: Called Strike 1-1: Swinging Strike 1-2: Grounds into double play, 6-4-3 (Groundball, 6S, EV 85.6 MPH) D.J. Cooke scores
|
|
Batting: SHB Ethan Newby
|
0-0: Called Strike 0-1: Swinging Strike 0-2: Ball 1-2: Foul Ball, location: 2F 1-2: Ball 2-2: Foul Ball, location: 2F 2-2: Ball 3-2: Fly out, F9 (Flyball, 9LD, EV 100.0 MPH)
|
| Bottom of the 4th over - 2 runs, 0 hits, 0 errors, 0 left on base; Billings 6 - Missoula 3 |
| TOP OF THE 5TH |
|
Billings Mustangs batting - Pitching for Missoula Osprey : LHP Ian Tamburrino
|
|
Batting: RHB Jake Savell
|
0-0: Ball 1-0: Foul Ball, location: 2F 1-1: SOLO HOME RUN (Line Drive, 7LD, EV 95.0 MPH), Distance : 351 ft
|
|
Batting: LHB Matt Kennedy
|
0-0: Ball 1-0: Ball 2-0: Ball 3-0: Base on Balls
|
|
Batting: LHB Brian Dickeson
|
0-0: Ball 1-0: Ball 2-0: Ball 3-0: Base on Balls Matt Kennedy to second
|
|
Batting: RHB Sang-ton Pak
|
0-0: Foul Ball, location: 2F 0-1: Foul Ball, location: 2F 0-2: Ball 1-2: Fielders Choice at 2nd, 3-6 (Groundball, 34, EV 101.2 MPH) Matt Kennedy to third
|
|
Batting: LHB Jeremy Robertson
|
0-0: Called Strike 0-1: 3-RUN HOME RUN (Flyball, 7D, EV 96.2 MPH), Distance : 360 ft
|
|
Batting: SHB David Garnica
|
0-0: Called Strike 0-1: Called Strike 0-2: DOUBLE (Flyball, 78XD, EV 97.5 MPH)
|
|
Batting: RHB Yutaka Sato
|
0-0: SINGLE (Groundball, 6D, EV 96.2 MPH) David Garnica to third
|
|
Batting: SHB Gustavo Froio
|
0-0: Ball 1-0: Swinging Strike 1-1: Called Strike 1-2: Strikes out looking
|
|
Batting: RHB Mario Gomez
|
0-0: Called Strike 0-1: Ball 1-1: Ball 2-1: Ball 3-1: Fielders Choice at 2nd, 5-4 (Groundball, 5, EV 97.5 MPH)
|
| Top of the 5th over - 4 runs, 4 hits, 0 errors, 2 left on base; Billings 10 - Missoula 3 |
| BOTTOM OF THE 5TH |
|
Missoula Osprey batting - Pitching for Billings Mustangs : LHP Armando Arellano
|
|
Batting: LHB Josh Thomas
|
0-0: Foul Ball, location: 2F 0-1: Ground out 1-3 (Groundball, 34S, EV 71.2 MPH)
|
|
Batting: RHB Matt Bailey
|
0-0: Fly out, F9 (Flyball, 9D, EV 91.2 MPH)
|
|
Batting: RHB Hyeok Shon
|
0-0: Called Strike 0-1: Ball 1-1: Foul Ball, location: 2F 1-2: Ball 2-2: Ground out 4-3 (Groundball, 34, EV 85.0 MPH)
|
| Bottom of the 5th over - 0 runs, 0 hits, 0 errors, 0 left on base; Billings 10 - Missoula 3 |
| TOP OF THE 6TH |
|
Billings Mustangs batting - Pitching for Missoula Osprey : LHP Ian Tamburrino
|
|
Pitching: LHP Cory Youngquist
|
|
|
Batting: RHB Jake Savell
|
0-0: Ball 1-0: Called Strike 1-1: Called Strike 1-2: Ground out 6-3 (Groundball, 6, EV 89.4 MPH)
|
|
Batting: LHB Matt Kennedy
|
0-0: Foul Ball, location: 2F 0-1: Ball 1-1: Ground out 6-3 (Groundball, 4M, EV 104.4 MPH)
|
|
Batting: LHB Brian Dickeson
|
0-0: Foul Ball, location: 2F 0-1: Called Strike 0-2: Ball 1-2: Foul Ball, location: 2F 1-2: Foul Ball, location: 2F 1-2: Fly out, F3 (Popup, 3SF, EV 67.5 MPH)
|
| Top of the 6th over - 0 runs, 0 hits, 0 errors, 0 left on base; Billings 10 - Missoula 3 |
| BOTTOM OF THE 6TH |
|
Missoula Osprey batting - Pitching for Billings Mustangs : LHP Armando Arellano
|
|
Batting: RHB Orlando Florez
|
0-0: Ball 1-0: Called Strike 1-1: Ground out 5-3 (Groundball, 5, EV 90.6 MPH)
|
|
Batting: SHB Ed Vargas
|
0-0: Ground out 1-6-3 (Groundball, 15S, EV 103.8 MPH)
|
|
Batting: RHB D.J. Cooke
|
0-0: Called Strike 0-1: Foul Ball, location: 2F 0-2: SINGLE (Line Drive, 78M, EV 100.0 MPH)
|
|
Batting: LHB Dallas Kelly
|
0-0: Ball 1-0: Ball 2-0: Ground out 4-3 (Groundball, 4, EV 88.1 MPH)
|
| Bottom of the 6th over - 0 runs, 1 hit, 0 errors, 1 left on base; Billings 10 - Missoula 3 |
| TOP OF THE 7TH |
|
Billings Mustangs batting - Pitching for Missoula Osprey : LHP Cory Youngquist
|
|
Batting: RHB Sang-ton Pak
|
0-0: Called Strike 0-1: Ball 1-1: Fly out, F7 (Flyball, 7LM, EV 94.4 MPH)
|
|
Batting: LHB Jeremy Robertson
|
0-0: Called Strike 0-1: Ball 1-1: Foul Ball, location: 2F 1-2: Strikes out swinging
|
|
Batting: SHB David Garnica
|
0-0: Swinging Strike 0-1: Called Strike 0-2: SINGLE (Flyball, 89S, EV 93.1 MPH)
|
|
Batting: RHB Yutaka Sato
|
0-0: Ball 1-0: Called Strike 1-1: Ball 2-1: Foul Ball, location: 2F 2-2: TRIPLE (Line Drive, 78XD, EV 107.5 MPH) David Garnica scores
|
|
Batting: SHB Gustavo Froio
|
0-0: Called Strike 0-1: Ball Wild Pitch! Yutaka Sato scores 1-1: SOLO HOME RUN (Flyball, 7D, EV 100.6 MPH), Distance : 373 ft
|
|
Batting: RHB Mario Gomez
|
0-0: Ball 1-0: SOLO HOME RUN (Line Drive, 7D, EV 99.4 MPH), Distance : 368 ft
|
|
Batting: RHB Jake Savell
|
0-0: Swinging Strike 0-1: DOUBLE (Flyball, 8RXD, EV 94.4 MPH)
|
|
Batting: LHB Matt Kennedy
|
0-0: Ground out 6-3 (Groundball, 6M, EV 85.0 MPH)
|
| Top of the 7th over - 4 runs, 5 hits, 0 errors, 1 left on base; Billings 14 - Missoula 3 |
| BOTTOM OF THE 7TH |
|
Missoula Osprey batting - Pitching for Billings Mustangs : LHP Armando Arellano
|
|
Pitching: RHP Andy Bachman
|
|
|
Batting: RHB Daniel Rivera
|
0-0: Ball 1-0: Ball 2-0: Swinging Strike 2-1: Foul Ball, location: 2F 2-2: Ground out 5-3 (Groundball, 56S, EV 68.8 MPH)
|
|
Batting: SHB Ethan Newby
|
0-0: Ground out U3 (Groundball, 34S, EV 85.6 MPH)
|
|
Batting: LHB Josh Thomas
|
0-0: Called Strike 0-1: DOUBLE (Line Drive, 78D, EV 106.2 MPH)
|
|
Batting: RHB Matt Bailey
|
0-0: Ground out 6-3 (Groundball, 6, EV 107.5 MPH)
|
| Bottom of the 7th over - 0 runs, 1 hit, 0 errors, 1 left on base; Billings 14 - Missoula 3 |
| TOP OF THE 8TH |
|
Billings Mustangs batting - Pitching for Missoula Osprey : LHP Cory Youngquist
|
|
Batting: LHB Brian Dickeson
|
0-0: Called Strike 0-1: Foul Ball, location: 2F 0-2: SOLO HOME RUN (Flyball, 9D, EV 101.2 MPH), Distance : 361 ft
|
|
Batting: RHB Sang-ton Pak
|
0-0: Ball 1-0: Ball 2-0: Swinging Strike 2-1: Ball 3-1: Base on Balls
|
|
Batting: LHB Jeremy Robertson
|
0-0: Ball 1-0: Called Strike 1-1: Foul Ball, location: 2F 1-2: Strikes out swinging
|
|
Batting: SHB David Garnica
|
0-0: Called Strike 0-1: Ball 1-1: Ball 2-1: Called Strike 2-2: 2-RUN HOME RUN (Line Drive, 78XD, EV 104.4 MPH), Distance : 392 ft
|
|
Pitching: RHP Edwin Martinez
|
|
|
Batting: RHB Yutaka Sato
|
0-0: Called Strike 0-1: Foul Ball, location: 2F 0-2: Ball 1-2: Foul Ball, location: 2F 1-2: Strikes out swinging
|
|
Batting: SHB Gustavo Froio
|
0-0: Called Strike 0-1: Ball 1-1: Called Strike 1-2: Ball 2-2: Strikes out swinging
|
| Top of the 8th over - 3 runs, 2 hits, 0 errors, 0 left on base; Billings 17 - Missoula 3 |
| BOTTOM OF THE 8TH |
|
Missoula Osprey batting - Pitching for Billings Mustangs : RHP Andy Bachman
|
|
Batting: RHB Hyeok Shon
|
0-0: Ball 1-0: Ball 2-0: Called Strike 2-1: Ball 3-1: Foul Ball, location: 2F 3-2: Foul Ball, location: 2F 3-2: Base on Balls
|
|
Batting: RHB Orlando Florez
|
0-0: Ball 1-0: Foul Ball, location: 2F 1-1: Fly out, F4 (Popup, 13, EV 84.4 MPH)
|
|
Batting: SHB Ed Vargas
|
0-0: Ball 1-0: Foul Ball, location: 2F 1-1: Ball 2-1: Ball 3-1: Base on Balls Hyeok Shon to second
|
|
Batting: RHB D.J. Cooke
|
0-0: Fly out, F9 (Flyball, 89M, EV 74.4 MPH)
|
|
Batting: LHB Dallas Kelly
|
0-0: Ball 1-0: Ball Wild Pitch! Hyeok Shon to third Ed Vargas to second 2-0: Ball 3-0: Base on Balls
|
|
Batting: RHB Daniel Rivera
|
0-0: Ball Wild Pitch! Hyeok Shon scores Ed Vargas to third Dallas Kelly to second 1-0: Foul Ball, location: 2F 1-1: Ball 2-1: 3-RUN HOME RUN (Flyball, 7D, EV 95.6 MPH), Distance : 362 ft
|
|
Pitching: LHP Fred Barbour
|
|
|
Batting: SHB Ethan Newby
|
0-0: Ball 1-0: SINGLE (Line Drive, 34D, EV 97.5 MPH)
|
|
Batting: LHB Josh Thomas
|
0-0: Ball 1-0: Ball Wild Pitch! Ethan Newby to second 2-0: Ball 3-0: Called Strike 3-1: Called Strike 3-2: Base on Balls
|
|
Batting: RHB Matt Bailey
|
0-0: Ground out 5-3 (Groundball, 5L, EV 86.2 MPH)
|
| Bottom of the 8th over - 4 runs, 2 hits, 0 errors, 2 left on base; Billings 17 - Missoula 7 |
| TOP OF THE 9TH |
|
Billings Mustangs batting - Pitching for Missoula Osprey : RHP Edwin Martinez
|
|
Pitching: RHP Moises Baez
|
|
|
Batting: RHB Mario Gomez
|
0-0: Ball 1-0: Called Strike 1-1: SOLO HOME RUN (Line Drive, 78XD, EV 100.6 MPH), Distance : 409 ft
|
|
Batting: RHB Jake Savell
|
0-0: Ball 1-0: Ball 2-0: Ball 3-0: Called Strike 3-1: Foul Ball, location: 2F 3-2: Base on Balls
|
|
Batting: LHB Matt Kennedy
|
0-0: Ball 1-0: Called Strike 1-1: Ball 2-1: Fly out, F6 (Popup, 4MS, EV 83.1 MPH)
|
|
Batting: LHB Brian Dickeson
|
0-0: Ball 1-0: Foul Ball, location: 2F 1-1: Called Strike 1-2: Strikes out swinging
|
|
Batting: RHB Sang-ton Pak
|
0-0: Called Strike 0-1: Called Strike 0-2: Ball 1-2: Ball 2-2: Foul Ball, location: 2F 2-2: Foul Ball, location: 2F 2-2: 2-RUN HOME RUN (Flyball, 8RXD, EV 108.8 MPH), Distance : 429 ft
|
|
Batting: LHB Jeremy Robertson
|
0-0: Ball 1-0: Foul Ball, location: 2F 1-1: SOLO HOME RUN (Flyball, 7D, EV 95.6 MPH), Distance : 351 ft
|
|
Pitching: LHP Josh Hubbard
|
|
|
Batting: SHB David Garnica
|
0-0: Ball 1-0: SOLO HOME RUN (Flyball, 9D, EV 93.1 MPH), Distance : 359 ft
|
|
Batting: RHB Yutaka Sato
|
0-0: Ball 1-0: Foul Ball, location: 2F 1-1: DOUBLE (Flyball, 8LXD, EV 101.9 MPH)
|
|
Batting: SHB Gustavo Froio
|
0-0: Ball 1-0: Foul Ball, location: 2F 1-1: Swinging Strike 1-2: Strikes out swinging
|
| Top of the 9th over - 5 runs, 5 hits, 0 errors, 1 left on base; Billings 22 - Missoula 7 |
| BOTTOM OF THE 9TH |
|
Missoula Osprey batting - Pitching for Billings Mustangs : LHP Fred Barbour
|
|
Batting: RHB Hyeok Shon
|
0-0: TRIPLE (Line Drive, 89XD, EV 106.2 MPH)
|
|
Batting: RHB Orlando Florez
|
0-0: Ball 1-0: Ground out U3 (Groundball, 34, EV 81.9 MPH) Hyeok Shon scores
|
|
Batting: SHB Ed Vargas
|
0-0: Ball 1-0: Ball 2-0: Foul Ball, location: 2F 2-1: Ball 3-1: Base on Balls
|
|
Batting: RHB D.J. Cooke
|
0-0: Foul Ball, location: 2F 0-1: Ball 1-1: Ball 2-1: Foul Ball, location: 2F 2-2: Foul Ball, location: 2F 2-2: Ball 3-2: Fly out, F8 (Flyball, 8RM, EV 73.1 MPH)
|
|
Batting: LHB Dallas Kelly
|
0-0: Ball 1-0: Ball 2-0: Swinging Strike 2-1: Ball Wild Pitch! Ed Vargas to second Balk! Ed Vargas to third 3-1: Base on Balls
|
|
Batting: RHB Daniel Rivera
|
0-0: Fielders Choice at 2nd, 5-4 (Groundball, 56, EV 83.1 MPH)
|
| Bottom of the 9th over - 1 run, 1 hit, 0 errors, 2 left on base; Billings 22 - Missoula 8 |
|